 Dungeon Sprint DCSS version 0.29-a0-700-g2f1814c7b2 (webtiles) character file.

Game seed: 5693347855891590666

96 mhtbhm the Covert (level 4, -1/21 HPs)
             Began as a Spriggan Enchanter on June 25, 2022.
             Slain by a phantom (6 damage)
             ... in the Dungeon (Sprint IX: "|||||||||||||||||||||||||||||").
             The game lasted 00:00:50 (193 turns).

mhtbhm the Covert (Spriggan Enchanter)               Turns: 193, Time: 00:00:50

Health: -1/21      AC:  2    Str:  4    XL:     4   Next: 41%
Magic:  3/12       EV: 19    Int: 16    God:
Gold:   0          SH:  0    Dex: 17    Spells: 11/13 levels left

rFire   . . .      SeeInvis +   a - +1 dagger
rCold   . . .      Faith    .   (no shield)
rNeg    . . .      Spirit   .   b - +0 robe
rPois   .          Reflect  .   (helmet restricted)
rElec   .          Harm     .   (no cloak)
rCorr   .          Rampage  .   (gloves unavailable)
Will    .....      NoTele   +   (boots unavailable)
Stlth   ++++......              (no amulet)
HPRegen 0.07/turn               (no ring)
MPRegen 0.13/turn               (no ring)

@: very quick
A: very small, no large weapons, unfitting armour, see invisible, speed 3
a: no special abilities


You were in the Dungeon.
You visited 1 branch

Inventory:

Hand Weapons
 a - a +1 dagger (weapon)
Armour
 b - a +0 robe (worn)
Scrolls
 i - a scroll of blinking
Potions
 c - 2 potions of invisibility
 f - a potion of haste
 g - 2 potions of magic
 h - a potion of berserk rage


   Skills:
 + Level 0.2 Fighting
 + Level 1.8 Short Blades
 + Level 5.0 Dodging
 + Level 9.0 Stealth
 + Level 5.1 Spellcasting
 + Level 6.9 Hexes


You had 11 spell levels left.
You knew the following spells:

 Your Spells              Type           Power      Damage    Failure   Level
a - Ensorcelled Hibernat  Hex/Ice        30%        N/A       5%          2

Your spell library contained the following spells:

 Spells                   Type           Power      Damage    Failure   Level
 Confusing Touch          Hex            26%        N/A       2%          3
 Tukima's Dance           Hex            26%        N/A       2%          3
 Dazzling Flash           Conj/Hex       30%        N/A       11%         3


Dungeon Overview and Level Annotations

Branches:
Dungeon (1/1)

Altars:


Innate Abilities, Weirdness & Mutations

You are very small and have problems with some larger weapons.
You are too small for most types of armour.
You have supernaturally acute eyesight. (SInv)
You cover ground extremely quickly. (Speed+++)


Message History

You are too injured to fight recklessly!
Casting: Ensorcelled Hibernation (safe; 5% risk of failure)
Confirm with . or Enter, or press ? or * to list all spells.
You can't see any susceptible monsters within range! (Use Z to cast anyway.)
You hit the phantom.
The phantom is almost destroyed.
The phantom hits you but does no damage.
You closely miss the phantom.
The phantom is almost destroyed.
The phantom hits you.
* * * LOW HITPOINT WARNING * * *
Casting: Ensorcelled Hibernation (safe; 5% risk of failure)
Confirm with . or Enter, or press ? or * to list all spells.
You can't see any susceptible monsters within range! (Use Z to cast anyway.)
You see here a dart slug corpse.
There is an open door to the Dungeon here.
Items here: ) †††.
Casting: Ensorcelled Hibernation (safe; 5% risk of failure)
Confirm with . or Enter, or press ? or * to list all spells.
You can't see any susceptible monsters within range! (Use Z to cast anyway.)
Casting: Ensorcelled Hibernation (safe; 5% risk of failure)
Confirm with . or Enter, or press ? or * to list all spells.
You can't see any susceptible monsters within range! (Use Z to cast anyway.)
Casting: Ensorcelled Hibernation (safe; 5% risk of failure)
Confirm with . or Enter, or press ? or * to list all spells.
Okay, then.
You close the door.
A phantom breaks down the door.
A phantom is nearby!
Casting: Ensorcelled Hibernation (safe; 5% risk of failure)
Confirm with . or Enter, or press ? or * to list all spells.
You can't see any susceptible monsters within range! (Use Z to cast anyway.)
Press: ? - help, v - describe, . - travel
Here: a phantom (severely damaged)
A broken door to the Dungeon.
Items here: ) †††.
You hit the phantom.
The phantom is almost destroyed.
The phantom hits you.
You die...

▓▓▓
▓<▓
▓.▓
▓.▓
▓@▓
▓W▓
▓†▓
▓.▓
▓.▓
▓.▓
▓.▓
▓'▓
▓)▓


You could see a phantom.

Vanquished Creatures
  A scorpion (D)
  An iguana (D)
  A dart slug (D)
  2 orcs (D)
  A bat (D)
  A goblin (D)
  A hobgoblin (D)
  A quokka (D)
9 creatures vanquished.

Notes
Turn   | Place    | Note
-------+----------+-------------------------------------------
     0 | D        | mhtbhm the Spriggan Enchanter began the quest for the Orb.
     0 | D        | Reached XP level 1. HP: 9/9 MP: 5/5
     6 | D        | Reached skill level 5 in Stealth
    30 | D        | Reached skill level 6 in Stealth
    41 | D        | Reached XP level 2. HP: 8/13 MP: 7/7
   153 | D        | Learned a level 2 spell: Ensorcelled Hibernation
   155 | D        | Noticed a scorpion
   155 | D        | Noticed a phantom
   159 | D        | Killed a scorpion
   160 | D        | Reached skill level 8 in Stealth
   160 | D        | Reached XP level 3. HP: 16/16 MP: 6/10
   160 | D        | Reached XP level 4. HP: 21/21 MP: 6/11
   165 | D        | Reached skill level 5 in Dodging
   165 | D        | Reached skill level 9 in Stealth
   165 | D        | Reached skill level 5 in Spellcasting
   193 | D        | Slain by a phantom

Illustrated notes

Levels and vault maps discovered:
D:        linesprint [early_d, line_temple, items_1, d_10, items_2, lair_1,
          lair_end, items_3, orc_1, orc_end, items_4, d_15, swamp_1, shoals_1,
          snake_1, spider_1, d_20, vaults_1, items_5, swamp_end, shoals_end,
          snake_end, spider_end, vaults_end, d_27, items_6, zot_1, zot_end,
          crypt_end, forest_end, elf_end, slime_end, tomb_end, abyss_end,
          pan_hell_end]

Skill      XL: |  1  2  3  4 |
---------------+-------------+-----
Stealth        | 6 8 9 |  9.0
Spellcasting   | 3 4 5 |  5.1
Hexes          | 4 6 |  6.9
Dodging        | 3 4 5 |  5.0
Fighting       | |  0.2
Short Blades   | |  1.8

Action                   |  1- 3 |  4- 6 || total
-------------------------+-------+-------++-------
Melee: Dagger            |    30 |    18 ||    48
 Cast: Ensorcelled Hiber |     1 |     3 ||     4
  Use: Potion            |     2 |       ||     2
 Stab: Sleeping          |     3 |     2 ||     5
Armor: Robe              |     1 |     1 ||     2
Dodge: Dodged            |    21 |    10 ||    31

Table legend: (Time is in decaauts)
 A = Elapsed time spent in this place.
 B = Non-inter-level travel time spent in this place.
 C = Inter-level travel time spent in this place.
 D = Time resting spent in this place.
 E = Time spent auto-exploring this place.
 F = Levels seen in this place.
 G = Mean time per level.
                   A        B        C        D        E       F      G
               +--------+--------+--------+--------+--------+-----+--------+
         Total |    178 |    178 |      0 |    104 |      1 |   1 |  178.0 |
       Dungeon |    178 |    178 |      0 |    104 |      1 |   1 |  178.0 |
               +--------+--------+--------+--------+--------+-----+--------+

Top non-repeatable levels by time:
       D: 178 daAuts
